[Event "ICC tourney 2434 (75 10)"]
[Site "Internet Chess Club"]
[Date "2021.03.06"]
[Round "1"]
[White "REMPE, LENNIK:Kokosnuss1000"]
[Black "SHAH, KAIVAL:kaivalshah"]
[Result "0-1"]
[ICCResult "White resigns"]
[WhiteElo "1450"]
[BlackElo "1340"]
[Opening "Four knights: Spanish variation"]
[ECO "C48"]
[NIC "KP.03"]
[Time "13:01:36"]
[PlyCount "24"]
[TimeControl "4500+10"]

1. e4 e5 2. Nf3 Nc6 3. Nc3 Nf6 4. Bb5 d6 5. d4 exd4 6. Nxd4 Bd7 7. Nxc6
bxc6 8. Bc4 Be7 9. O-O O-O 10. f4 Be6 11. Bb3 Nd7 12. Rf3 Bg4 { White
resigns } 0-1

[Event "ICC tourney 2434 (75 10)"]
[Site "Internet Chess Club"]
[Date "2021.03.06"]
[Round "1"]
[White "CAMPERS, WILLIE:BillietheKid"]
[Black "ALZATE, NIKOLAI:NikoAlzate"]
[Result "1-0"]
[ICCResult "Black resigns"]
[WhiteElo "1477"]
[BlackElo "1363"]
[Opening "Alekhine's defense: modern, fianchetto variation"]
[ECO "B04"]
[NIC "AL.04"]
[Time "13:01:44"]
[PlyCount "33"]
[TimeControl "4500+10"]

1. e4 Nf6 2. e5 Nd5 3. d4 d6 4. Nf3 g6 5. Bc4 Nb6 6. Bb3 Bg4 7. Bxf7+ Kxf7
8. Ng5+ Ke8 9. Qxg4 dxe5 10. dxe5 Qd5 11. O-O Qxe5 12. Nc3 h5 13. Qf3 Qf6
14. Qxb7 c6 15. Na4 Qd4 16. Nxb6 Qxb6 17. Qxa8 { Black resigns } 1-0

[Event "ICC tourney 2434 (75 10)"]
[Site "Internet Chess Club"]
[Date "2021.03.06"]
[Round "1"]
[White "LI, EMMA:BulbasaurMaster"]
[Black "WANG, YUANZHE:yogokings12"]
[Result "0-1"]
[ICCResult "White resigns"]
[WhiteElo "1441"]
[BlackElo "1576"]
[Opening "Sicilian: dragon, 6.Be3"]
[ECO "B72"]
[NIC "SI.16"]
[Time "13:01:34"]
[PlyCount "58"]
[TimeControl "4500+10"]

1. e4 c5 2. Nf3 d6 3. d4 cxd4 4. Nxd4 Nf6 5. Nc3 g6 6. Be3 Bg7 7. Bc4 Ng4
8. Bb5+ Kf8 9. Qf3 a6 10. Bc4 Ne5 11. Qe2 Nbc6 12. O-O-O Bd7 13. h3 Rc8 14.
Bb3 Na5 15. Nd5 Nxb3+ 16. Nxb3 Bb5 17. Qe1 Nd3+ 18. Rxd3 Bxd3 19. Nb4 Bc4
20. Nd4 e5 21. Nf3 a5 22. Nd5 Bxd5 23. exd5 Qc7 24. Qd2 a4 25. a3 Kg8 26.
c3 f5 27. Bg5 Qc4 28. h4 h6 29. Be7 Qc7 { White resigns } 0-1

[Event "ICC tourney 2434 (75 10)"]
[Site "Internet Chess Club"]
[Date "2021.03.06"]
[Round "1"]
[White "SULTAN, BASHIR CISSE:muzikmixer"]
[Black "GINZBURG, LIORA:Liopleuradon15"]
[Result "0-1"]
[ICCResult "White resigns"]
[WhiteElo "1577"]
[BlackElo "1443"]
[Opening "English: four knights, 4.e3"]
[ECO "A28"]
[NIC "EO.06"]
[Time "13:01:41"]
[PlyCount "64"]
[TimeControl "4500+10"]

1. c4 e5 2. Nc3 Nf6 3. Nf3 Nc6 4. e3 d6 5. Nd5 Be6 6. Qb3 Rb8 7. Ng5 Bd7 8.
Nxf6+ Qxf6 9. Ne4 Qg6 10. Nc3 Be7 11. Nd5 Bd8 12. d3 O-O 13. Bd2 Ne7 14.
Nxe7+ Bxe7 15. Qc2 c6 16. O-O-O d5 17. Kb1 Bf5 18. Bc3 Bf6 19. cxd5 cxd5
20. Rg1 Rbc8 21. Qd2 d4 22. Bb4 dxe3 23. Qxe3 Rfd8 24. Bc3 Bg5 25. Qxe5 Bf6
26. Qg3 Qxg3 27. hxg3 Bxc3 28. bxc3 Rxc3 29. Kb2 Rdc8 30. Rd2 Rc1 31. d4
Rb1+ 32. Ka3 Rc3+ { White resigns } 0-1

[Event "ICC tourney 2434 (75 10)"]
[Site "Internet Chess Club"]
[Date "2021.03.06"]
[Round "1"]
[White "Shan, Ethan:ethanshan"]
[Black "ZHUGE, KATHERINE:FlowingMelody"]
[Result "1-0"]
[ICCResult "Black checkmated"]
[WhiteElo "1492"]
[BlackElo "1385"]
[Opening "Vienna gambit"]
[ECO "C29"]
[NIC "VG.04"]
[Time "13:01:35"]
[PlyCount "31"]
[TimeControl "4500+10"]

1. e4 e5 2. Nc3 Nf6 3. f4 exf4 4. e5 Ng8 5. Nf3 d6 6. d4 dxe5 7. Nxe5 Qh4+
8. Ke2 Nc6 9. Nf3 Qe7+ 10. Kf2 g5 11. Bb5 Be6 12. Ne5 O-O-O 13. Bxc6 f6 14.
Bxb7+ Kxb7 15. Qf3+ Kc8 16. Qa8# { Black checkmated } 1-0

[Event "ICC tourney 2434 (75 10)"]
[Site "Internet Chess Club"]
[Date "2021.03.06"]
[Round "1"]
[White "FLYNN, MICHAEL W:foxvalleychess"]
[Black "ZHU, FLORINA:Florina12345"]
[Result "0-1"]
[ICCResult "White resigns"]
[WhiteElo "1481"]
[BlackElo "1381"]
[Opening "King's Indian: Petrosian system, Stein variation"]
[ECO "E92"]
[NIC "KI.17"]
[Time "13:01:41"]
[PlyCount "62"]
[TimeControl "4500+10"]

1. d4 Nf6 2. c4 g6 3. Nc3 Bg7 4. e4 d6 5. Be2 O-O 6. Nf3 e5 7. d5 a5 8. O-O
Na6 9. Re1 h6 10. Nd2 Ne8 11. Rb1 f5 12. f3 f4 13. a3 h5 14. b4 axb4 15.
axb4 g5 16. Ra1 Bd7 17. Ba3 Nf6 18. Nb3 g4 19. g3 fxg3 20. hxg3 gxf3 21.
Bxf3 Ng4 22. c5 Qf6 23. Kg2 Bh6 24. Bc1 Bxc1 25. Rxc1 Rf7 26. Qe2 Raf8 27.
Nd2 Nxb4 28. Rf1 Qg5 29. Nd1 Ba4 30. Rf2 Nxf2 31. Nxf2 Rxf3 { White resigns
} 0-1

[Event "ICC tourney 2434 (75 10)"]
[Site "Internet Chess Club"]
[Date "2021.03.06"]
[Round "1"]
[White "PRADEEP, PRANAV:blitzstriker"]
[Black "GIRISH, NIYATHI:missqueen"]
[Result "0-1"]
[ICCResult "White resigns"]
[WhiteElo "1445"]
[BlackElo "1315"]
[Opening "Ruy Lopez: Anderssen variation"]
[ECO "C77"]
[NIC "RL.12"]
[Time "13:02:27"]
[PlyCount "68"]
[TimeControl "4500+10"]

1. e4 e5 2. Nf3 Nc6 3. Bb5 a6 4. Ba4 Nf6 5. d3 Bc5 6. O-O d6 7. h3 b5 8.
Bb3 O-O 9. Bg5 h6 10. Bh4 Nd4 11. Nxd4 Bxd4 12. c3 Bb6 13. Qf3 g5 14. Bg3
Re8 15. Qe2 h5 16. Qd2 Nh7 17. Qe2 h4 18. Bh2 g4 19. hxg4 Qg5 20. Nd2 Bxg4
21. Nf3 Qg6 22. Kh1 Qh5 23. Bd1 Ng5 24. Qd2 Nxf3 25. Bxf3 Bxf3 26. gxf3
Qxf3+ 27. Kg1 Qg4+ 28. Kh1 Qf3+ 29. Kg1 Re6 30. Rfd1 Rg6+ 31. Kf1 Rg2 32.
Bg1 Kh7 33. Qe2 Rxg1+ 34. Kxg1 Qxe2 { White resigns } 0-1

[Event "ICC tourney 2434 (75 10)"]
[Site "Internet Chess Club"]
[Date "2021.03.06"]
[Round "1"]
[White "Xia, Joshua:MathMonkey"]
[Black "Xiao, Marina:marinaxiao"]
[Result "0-1"]
[ICCResult "White checkmated"]
[WhiteElo "1383"]
[BlackElo "1484"]
[Opening "Sicilian: Sveshnikov variation"]
[ECO "B33"]
[NIC "SI.38"]
[Time "13:01:46"]
[PlyCount "142"]
[TimeControl "4500+10"]

1. e4 c5 2. Nf3 Nc6 3. d4 cxd4 4. Nxd4 Nf6 5. Nc3 e5 6. Ndb5 d6 7. Bg5 a6
8. Na3 b5 9. Bxf6 gxf6 10. Nd5 f5 11. Bd3 Be6 12. c3 Bg7 13. Nc2 O-O 14.
Qd2 Bxd5 15. exd5 Ne7 16. Qg5 e4 17. Be2 Nxd5 18. Qd2 Nb6 19. O-O-O d5 20.
Rhg1 Qf6 21. g4 fxg4 22. Rxg4 Kh8 23. Kb1 Rg8 24. h4 Rac8 25. Rdg1 Na4 26.
Qd4 Qxd4 27. Nxd4 Bxd4 28. Rxg8+ Rxg8 29. Rxg8+ Kxg8 30. cxd4 f5 31. Kc2
Kg7 32. Kb3 Nb6 33. Kb4 f4 34. Kc5 f3 35. Bf1 Nc4 36. Kxd5 e3 37. fxe3
Nxe3+ 38. Ke4 Nxf1 39. Kxf3 Kf6 40. Kf4 Nd2 41. b3 a5 42. Ke3 Nb1 43. Kd3
Ke6 44. Kc2 Na3+ 45. Kd3 Kd5 46. h5 h6 47. Kc3 b4+ 48. Kd3 Nb5 49. Ke3 Nxd4
50. Kf4 Ke6 51. Ke4 Nf5 52. Kf4 Nd6 53. Kg4 Ne4 54. Kf4 Nc3 55. Ke3 Nxa2
56. Kd4 Nc1 57. Kc4 Kf5 58. Kb5 Nxb3 59. Ka4 Nd4 60. Kxa5 b3 61. Kb4 b2 62.
Kc3 b1=Q 63. Kxd4 Kg5 64. Ke3 Kxh5 65. Kf2 Kg4 66. Kg2 h5 67. Kh2 h4 68.
Kg2 h3+ 69. Kh2 Qc2+ 70. Kg1 Kg3 71. Kh1 Qh2# { White checkmated } 0-1

[Event "ICC tourney 2434 (75 10)"]
[Site "Internet Chess Club"]
[Date "2021.03.06"]
[Round "1"]
[White "Xiao, Michael:michaelxiao"]
[Black "XU, ANDY YUEDUO:sillytiger"]
[Result "0-1"]
[ICCResult "White resigns"]
[WhiteElo "1332"]
[BlackElo "1449"]
[Opening "Sicilian: Alapin's variation (2.c3)"]
[ECO "B22"]
[NIC "SI.46"]
[Time "13:01:38"]
[PlyCount "188"]
[TimeControl "4500+10"]

1. e4 c5 2. c3 d5 3. exd5 Qxd5 4. d4 Nf6 5. Nf3 Nc6 6. Be2 cxd4 7. cxd4 e6
8. Nc3 Qd8 9. Bg5 Be7 10. O-O O-O 11. Qd2 h6 12. Bf4 Nd5 13. Nxd5 Qxd5 14.
Bd3 Rd8 15. Rfd1 Kf8 16. Bc2 Bf6 17. Bb3 Qa5 18. Qxa5 Nxa5 19. Ba4 Bd7 20.
Bxd7 Rxd7 21. Rac1 Nc6 22. Be5 Rad8 23. Bxf6 gxf6 24. g3 e5 25. d5 Rxd5 26.
Rxd5 Rxd5 27. Kg2 Ke7 28. Nh4 Ke6 29. Rc2 f5 30. Re2 Kf6 31. Nf3 e4 32. Nd2
Nd4 33. Re3 Nc2 34. Re2 Ne1+ 35. Kf1 Nf3 36. Nxf3 exf3 37. Re1 Rd2 38. Rb1
Kg5 39. h4+ Kg4 40. a3 f4 41. gxf4 Kxf4 42. b4 Kg4 43. Rc1 Kxh4 44. Rc4+
Kh3 45. Rc1 h5 46. Ke1 Re2+ 47. Kf1 h4 48. Rc3 Kg4 49. Rc4+ Kg5 50. Rc3 Kf4
51. Rc7 Ra2 52. Rxf7+ Kg4 53. Ke1 Rxa3 54. Rxb7 Kh3 55. Rg7 Rb3 56. Rxa7
Rb1+ 57. Kd2 Kg2 58. Kc3 Kxf2 59. Rh7 Rh1 60. b5 h3 61. b6 Kg2 62. Rg7+ Kf2
63. Rh7 Rb1 64. Rxh3 Rxb6 65. Rh8 Rd6 66. Rf8 Ke2 67. Re8+ Kf1 68. Rf8 f2
69. Kc2 Rd4 70. Kc3 Rh4 71. Kd3 Ra4 72. Ke3 Ra2 73. Kd3 Re2 74. Ra8 Re6 75.
Kd2 Rg6 76. Ra2 Kg2 77. Ke3 Rf6 78. Rd2 Kg1 79. Rd1+ f1=Q 80. Rxf1+ Kxf1
81. Ke4 Kg2 82. Ke5 Rf2 83. Ke4 Kg3 84. Ke3 Rf8 85. Ke4 Rf3 86. Kd4 Kf4 87.
Kd5 Re3 88. Kd4 Kf3 89. Kd5 Re4 90. Kd6 Kf4 91. Kd5 Kf5 92. Kd6 Re5 93. Kd7
Re6 94. Kd8 Kf6 { White resigns } 0-1

[Event "ICC tourney 2434 (75 10)"]
[Site "Internet Chess Club"]
[Date "2021.03.06"]
[Round "1"]
[White "SKARIAH, ANUSHKA ELIZABETH:kskariah"]
[Black "MITRA, AHANA:lovechess1225"]
[Result "1/2-1/2"]
[ICCResult "Game drawn by mutual agreement"]
[WhiteElo "1375"]
[BlackElo "1478"]
[Opening "KGA: Abbazia defense, modern variation"]
[ECO "C31"]
[NIC "KG.04"]
[Time "13:01:32"]
[PlyCount "63"]
[TimeControl "4500+10"]

1. e4 e5 2. f4 d5 3. exd5 exf4 4. Nf3 Nf6 5. Nc3 Be7 6. Bc4 O-O 7. O-O Nbd7
8. d4 Nb6 9. Bb3 Nfxd5 10. Nxd5 Nxd5 11. c4 Ne3 12. Bxe3 fxe3 13. Qd3 Re8
14. Qxe3 Bf6 15. Qd3 Bg4 16. Rad1 Qe7 17. Rde1 Qd7 18. Rd1 Qe7 19. Rde1 Qd7
20. Bc2 g6 21. Rd1 Bf5 22. Qc3 Bxc2 23. Qxc2 Qe6 24. Rfe1 Qg4 25. Ne5 Bxe5
26. Rxe5 Rxe5 27. dxe5 Re8 28. Re1 Qd4+ 29. Qf2 Qxc4 30. Qxa7 Qb5 31. Qd4
Qa5 32. Qc3 { Game drawn by mutual agreement } 1/2-1/2

[Event "ICC tourney 2434 (75 10)"]
[Site "Internet Chess Club"]
[Date "2021.03.06"]
[Round "1"]
[White "CHARBONNIER, JAMES MICHAEL:Electryon"]
[Black "WAHARTE, LOUKA:lwaharte"]
[Result "0-1"]
[ICCResult "White resigns"]
[WhiteElo "1359"]
[BlackElo "1466"]
[Opening "English opening"]
[ECO "A16"]
[NIC "EO.64"]
[Time "13:01:33"]
[PlyCount "60"]
[TimeControl "4500+10"]

1. c4 Nf6 2. Nc3 g6 3. g3 Bg7 4. Bg2 d6 5. e4 e5 6. Nge2 O-O 7. O-O Be6 8.
d3 Nc6 9. h3 a5 10. Be3 Qc8 11. Kh2 Nd7 12. d4 exd4 13. Nxd4 Bxc4 14. Nxc6
bxc6 15. Re1 Rb8 16. Qa4 Rb4 17. Qc2 Ne5 18. b3 Bd3 19. Qd2 Ba6 20. Rab1
Qb7 21. f4 Nc4 22. Qc2 Na3 23. Qd2 Nxb1 24. Rxb1 a4 25. Qc2 Rb8 26. f5 axb3
27. axb3 Rxb3 28. Rxb3 Qxb3 29. Qxb3 Rxb3 30. Nd1 Be2 { White resigns } 0-1

[Event "ICC tourney 2434 (75 10)"]
[Site "Internet Chess Club"]
[Date "2021.03.06"]
[Round "1"]
[White "Pulijala, Akshaj:akshajp"]
[Black "Pendse, Vihaan:awakeprize"]
[Result "1-0"]
[ICCResult "Black resigns"]
[WhiteElo "1394"]
[BlackElo "1492"]
[Opening "Queen's pawn: Chigorin variation"]
[ECO "D00"]
[NIC "QP.08"]
[Time "13:01:33"]
[PlyCount "129"]
[TimeControl "4500+10"]

1. d4 d5 2. Nc3 Nf6 3. Bf4 e6 4. a3 c6 5. Nf3 Bd6 6. Qd2 Qe7 7. Bxd6 Qxd6
8. e3 Nbd7 9. Bd3 e5 10. dxe5 Nxe5 11. Nxe5 Qxe5 12. O-O-O b5 13. e4 dxe4
14. Nxe4 O-O 15. Nxf6+ Qxf6 16. Qb4 Bf5 17. Qf4 Bxd3 18. Qxf6 gxf6 19. Rxd3
Rfd8 20. Rhd1 Re8 21. Kd2 Rad8 22. Rxd8 Rxd8+ 23. Ke2 Re8+ 24. Kf1 Kf8 25.
g3 f5 26. Rd4 Ke7 27. c3 Kf6 28. Rd6+ Re6 29. Rxe6+ Kxe6 30. Ke2 Kd5 31.
Kd3 c5 32. f3 a5 33. h4 h6 34. b3 c4+ 35. bxc4+ bxc4+ 36. Kc2 f4 37. gxf4
Ke6 38. Kd2 Kf5 39. Ke3 h5 40. a4 f6 41. Kd4 Kxf4 42. Kxc4 Kxf3 43. Kd5 Kg4
44. c4 f5 45. c5 f4 46. c6 Kxh4 47. c7 f3 48. c8=Q f2 49. Qc1 Kg3 50. Qh1
h4 51. Kd4 h3 52. Ke3 h2 53. Qf3+ Kh4 54. Qxf2+ Kh3 55. Qf3+ Kh4 56. Qg2
h1=Q 57. Qxh1+ Kg5 58. Qf3 Kg6 59. Qf4 Kg7 60. Qf5 Kg8 61. Qf6 Kh7 62. Qg5
Kh8 63. Ke4 Kh7 64. Kf5 Kh8 65. Kf6 { Black resigns } 1-0

[Event "ICC tourney 2434 (75 10)"]
[Site "Internet Chess Club"]
[Date "2021.03.06"]
[Round "1"]
[White "BORGE, RONALD:LOCHAR"]
[Black "LAIDO, OLIVIA:beibeiolivia"]
[Result "1-0"]
[ICCResult "Black checkmated"]
[WhiteElo "1554"]
[BlackElo "1440"]
[Opening "English opening"]
[ECO "A20"]
[NIC "EO.24"]
[Time "13:01:31"]
[PlyCount "171"]
[TimeControl "4500+10"]

1. c4 e5 2. g3 Nc6 3. Bg2 Nf6 4. Nc3 Bc5 5. e3 a6 6. Nge2 Ba7 7. d4 exd4 8.
exd4 d6 9. h3 h6 10. O-O O-O 11. a3 Bf5 12. b4 Rb8 13. Be3 Ne7 14. d5 Bxe3
15. fxe3 Qd7 16. Kh2 Bh7 17. Nd4 Ng6 18. Nf5 Ne5 19. Nxh6+ Kh8 20. Qd4 Rbe8
21. Rf2 gxh6 22. Rxf6 Kg7 23. Rf4 f6 24. e4 Kh8 25. Raf1 Qg7 26. R4f2 Rf7
27. Ne2 Rg8 28. Qc3 Re8 29. Nf4 Qg8 30. Ne6 Qg6 31. c5 Rg8 32. Rf5 Re8 33.
Qc1 Nd7 34. Qf4 dxc5 35. bxc5 c6 36. Qh4 Rc8 37. Rh5 cxd5 38. Rxh6 Qg8 39.
exd5 Re8 40. Be4 Rc8 41. c6 bxc6 42. dxc6 Nf8 43. Nxf8 Rcxf8 44. Bxh7 Rxh7
45. Rxh7+ Qxh7 46. Qxh7+ Kxh7 47. c7 Kg7 48. Rc1 Rc8 49. Rc6 Kf7 50. Rxa6
Rxc7 51. h4 Rc2+ 52. Kh3 Ra2 53. Kg4 Kg7 54. Kh5 Kf7 55. g4 Ra1 56. Kh6 Rh1
57. h5 Rg1 58. Ra7+ Ke6 59. Ra4 Rg2 60. Kg6 Rc2 61. h6 Rc7 62. Re4+ Kd5 63.
Re3 Kd6 64. Kxf6 Ra7 65. g5 Rh7 66. Rd3+ Kc6 67. Kg6 Ra7 68. h7 Ra8 69. Kg7
Ra7+ 70. Kh6 Ra8 71. g6 Re8 72. Kg7 Ra8 73. h8=Q Ra7+ 74. Kf6 Kb6 75. Rb3+
Kc6 76. Qc8+ Rc7 77. Rc3+ Kd5 78. Qd8+ Ke4 79. Rxc7 Kf4 80. Qd4+ Kf3 81.
Rc3+ Ke2 82. Qd3+ Ke1 83. Rc1+ Kf2 84. Rc2+ Ke1 85. Qd2+ Kf1 86. Qf2# {
Black checkmated } 1-0

[Event "ICC tourney 2434 (75 10)"]
[Site "Internet Chess Club"]
[Date "2021.03.06"]
[Round "1"]
[White "JACOBS, STEVE:Steviejay"]
[Black "NEALE, MARK ROBERT:mrneale"]
[Result "0-1"]
[ICCResult "White forfeits on time"]
[WhiteElo "1429"]
[BlackElo "1528"]
[Opening "Queen's Pawn"]
[ECO "A41"]
[NIC "QO.17"]
[Time "13:02:13"]
[PlyCount "130"]
[TimeControl "4500+10"]

1. d4 d6 2. Nf3 Nd7 3. c3 e5 4. e4 Be7 5. Bd3 Ngf6 6. Bg5 h6 7. Bxf6 Bxf6
8. Nbd2 c6 9. Qc2 Nf8 10. dxe5 dxe5 11. Nc4 Ng6 12. g3 Bh3 13. O-O-O Bg2
14. Bf1 Bg5+ 15. Kb1 Bxf3 16. Rxd8+ Rxd8 17. Bg2 Bxg2 18. Rd1 O-O 19. Nd6
Bf3 20. Rd3 Rd7 21. Rxf3 Rxd6 22. Rd3 Rfd8 23. Rxd6 Rxd6 24. Qb3 Rd7 25. h4
Bd8 26. h5 Nf8 27. f4 exf4 28. gxf4 Ne6 29. Qa4 Bb6 30. e5 Nc5 31. Qc2 Nd3
32. Qd2 Nxe5 33. Qe2 Re7 34. fxe5 Bc7 35. Qd3 Kf8 36. Qd4 Bxe5 37. Qxa7 g6
38. Qa8+ Kg7 39. Qa3 Bf6 40. Qd6 gxh5 41. Qg3+ Bg5 42. a4 h4 43. Qg4 Re5
44. b4 f5 45. Qd4 Kf6 46. Qd6+ Re6 47. Qd4+ Kg6 48. Qh8 Re7 49. Qg8+ Kh5
50. Qc4 f4 51. Qf1 Re3 52. Qd1+ f3 53. Kc2 h3 54. Qh1 Kh4 55. Qd1 Re2+ 56.
Kb3 Rd2 57. Qe1+ f2 58. Qe4+ Kg3 59. Qe5+ Kg2 60. Qe4+ Kh2 61. Qe5+ Kg1 62.
Qg3+ Kf1 63. Qxh3+ Ke1 64. Qg3 Rd3 65. Qe5+ Re3 { White forfeits on time }
0-1

[Event "ICC tourney 2434 (75 10)"]
[Site "Internet Chess Club"]
[Date "2021.03.06"]
[Round "1"]
[White "ANDERSEN, JEFF C.:Paladin51"]
[Black "DAMERDJI, SALIM:dgream"]
[Result "1-0"]
[ICCResult "Black resigns"]
[WhiteElo "1524"]
[BlackElo "1422"]
[Opening "Queen's pawn"]
[ECO "A40"]
[NIC "QO.17"]
[Time "13:01:42"]
[PlyCount "139"]
[TimeControl "4500+10"]

1. d4 c6 2. Nf3 Nf6 3. Nbd2 d5 4. e3 Bf5 5. Bd3 e6 6. O-O Nbd7 7. b3 Bxd3
8. cxd3 Qc7 9. Bb2 Be7 10. Rc1 O-O 11. Ne5 Nxe5 12. dxe5 Nd7 13. f4 Qb6 14.
Qe2 g6 15. Kh1 Rfc8 16. Rc2 Bf8 17. Rfc1 a5 18. d4 a4 19. Qd3 axb3 20. axb3
Ra2 21. g3 Rca8 22. Bc3 Bb4 23. Rxa2 Rxa2 24. Rc2 Ra3 25. Bxb4 Qxb4 26. Qc3
Qxc3 27. Rxc3 Kf8 28. g4 Ra1+ 29. Kg2 Ra2 30. Rd3 c5 31. Kg3 Rc2 32. Nf3 c4
33. bxc4 Rxc4 34. Rb3 b6 35. Ng5 h6 36. Nf3 Ke7 37. h4 Kd8 38. Nd2 Rc2 39.
Nb1 Kc7 40. Na3 Rc1 41. Nb5+ Kd8 42. Nd6 Ke7 43. f5 h5 44. fxg6 fxg6 45.
gxh5 gxh5 46. e4 dxe4 47. Nxe4 Rg1+ 48. Kh3 Rg4 49. Re3 b5 50. Nd6 b4 51.
Rd3 Nb6 52. Nb7 Nd5 53. Rd2 Nf4+ 54. Kh2 Rxh4+ 55. Kg3 Rg4+ 56. Kf3 Nd5 57.
Nc5 Rf4+ 58. Kg3 h4+ 59. Kh3 Kf7 60. Kh2 Rf3 61. Kg2 Re3 62. Kh2 Nf4 63.
Rd1 Re2+ 64. Kh1 Rf2 65. Ne4 Rf3 66. Ng5+ Kg6 67. Nxf3 Kh5 68. Rb1 Kg4 69.
Nh2+ Kg3 70. Rb3+ { Black resigns } 1-0

[Event "ICC tourney 2434 (75 10)"]
[Site "Internet Chess Club"]
[Date "2021.03.06"]
[Round "2"]
[White "ALZATE, NIKOLAI:NikoAlzate"]
[Black "PRADEEP, PRANAV:blitzstriker"]
[Result "1-0"]
[ICCResult "Black checkmated"]
[WhiteElo "1363"]
[BlackElo "1445"]
[Opening "English opening: Agincourt variation"]
[ECO "A13"]
[NIC "EO.64"]
[Time "16:31:46"]
[PlyCount "51"]
[TimeControl "4500+10"]

1. c4 e6 2. Nf3 d5 3. d4 c5 4. e3 Nc6 5. Nc3 Nf6 6. Bd3 cxd4 7. Nxd4 Nxd4
8. exd4 Bb4 9. O-O dxc4 10. Bxc4 Qc7 11. Qa4+ Bd7 12. Qxb4 Rc8 13. Be2 a5
14. Qa3 Rb8 15. Nb5 Qb6 16. Nd6+ Kd8 17. Nxf7+ Kc7 18. Bf4+ Kc8 19. Rac1+
Bc6 20. Nxh8 Ra8 21. Qf8+ Kd7 22. Qxa8 Bd5 23. Qc8+ Ke7 24. Rc7+ Nd7 25.
Qxd7+ Kf6 26. Qf7# { Black checkmated } 1-0

[Event "ICC tourney 2434 (75 10)"]
[Site "Internet Chess Club"]
[Date "2021.03.06"]
[Round "2"]
[White "NEALE, MARK ROBERT:mrneale"]
[Black "JING, ANDREW:andrewj508"]
[Result "1/2-1/2"]
[ICCResult "Game drawn because neither player has mating material"]
[WhiteElo "1528"]
[BlackElo "1312"]
[Opening "Queen's bishop game"]
[ECO "D02"]
[NIC "QP.06"]
[Time "16:31:42"]
[PlyCount "166"]
[TimeControl "4500+10"]

1. d4 Nf6 2. Nf3 d5 3. Bf4 c5 4. c3 Nc6 5. e3 Bf5 6. Bd3 Bxd3 7. Qxd3 e6 8.
h3 Qb6 9. Qc2 Rc8 10. Qb3 c4 11. Qxb6 axb6 12. Nbd2 b5 13. O-O b4 14. Rfb1
Be7 15. a3 bxa3 16. bxa3 Na5 17. Rb5 Bd8 18. Bd6 Ra8 19. Bb4 Ra7 20. Rb1 b6
21. Ne5 Bc7 22. Bxa5 bxa5 23. Nc6 Ra8 24. Rb7 Bd6 25. a4 O-O 26. R1b5 Rfc8
27. Ne7+ Bxe7 28. Rxe7 Rcb8 29. Rbb7 Rxb7 30. Rxb7 g6 31. f3 Kg7 32. e4 h5
33. e5 Ne8 34. Nb1 Kf8 35. Na3 Ng7 36. g4 hxg4 37. hxg4 Ne8 38. Nb5 Ra6 39.
Rb8 Ke7 40. Rb7+ Kf8 41. Kf2 Ra8 42. Ke3 Ra6 43. Kd2 Ra8 44. Ra7 Rxa7 45.
Nxa7 Ke7 46. Nc6+ Kd7 47. Nxa5 Kc7 48. Kc2 Kb6 49. Nb3 cxb3+ 50. Kxb3 Nc7
51. c4 dxc4+ 52. Kxc4 Nd5 53. g5 Ne3+ 54. Kb4 Nc2+ 55. Kc4 Ne1 56. f4 Ng2
57. d5 exd5+ 58. Kxd5 Nxf4+ 59. Kd6 Ne6 60. Ke7 Nxg5 61. Kf6 Ne6 62. Kxf7
g5 63. Kxe6 g4 64. Kf7 g3 65. e6 g2 66. e7 g1=Q 67. e8=Q Qf2+ 68. Kg8 Qg3+
69. Kf8 Qf4+ 70. Kg7 Qd4+ 71. Kf7 Qf4+ 72. Kg8 Qg5+ 73. Kf8 Qc5+ 74. Qe7
Qc8+ 75. Kf7 Qc4+ 76. Kf6 Qf4+ 77. Ke6 Qe4+ 78. Kf7 Qh7+ 79. Ke8 Qg8+ 80.
Kd7 Qd5+ 81. Qd6+ Qxd6+ 82. Kxd6 Ka5 83. Kc5 Kxa4 { Game drawn because
neither player has mating material } 1/2-1/2

[Event "ICC tourney 2434 (75 10)"]
[Site "Internet Chess Club"]
[Date "2021.03.06"]
[Round "2"]
[White "LAIDO, OLIVIA:beibeiolivia"]
[Black "Xiao, Michael:michaelxiao"]
[Result "1-0"]
[ICCResult "Black resigns"]
[WhiteElo "1440"]
[BlackElo "1332"]
[Opening "French: advance, Paulsen attack"]
[ECO "C02"]
[NIC "FR.03"]
[Time "16:32:04"]
[PlyCount "141"]
[TimeControl "4500+10"]

1. e4 e6 2. d4 d5 3. e5 c5 4. c3 Nc6 5. Nf3 Qb6 6. Qb3 Qxb3 7. axb3 cxd4 8.
cxd4 Nb4 9. Na3 Ne7 10. Be2 Ng6 11. O-O Be7 12. Nb5 O-O 13. Rxa7 Rxa7 14.
Nxa7 Bd7 15. Nb5 Rc8 16. Nc3 Nc6 17. Be3 Na5 18. Nd2 Bb4 19. Rc1 h6 20. h3
Nh4 21. Na2 Bxd2 22. Rxc8+ Bxc8 23. Bxd2 Nxb3 24. Bc3 b6 25. Nb4 Nf5 26.
Nc2 Na5 27. Kf1 Kf8 28. Ke1 Bd7 29. Kd1 Ba4 30. Bd3 Nb3 31. Ke1 Ne7 32. Ne3
Nc6 33. Bc2 b5 34. Bxb3 Bxb3 35. Kd2 b4 36. Bxb4+ Nxb4 37. Kc3 Nc6 38. Kxb3
Nxd4+ 39. Kc3 Nc6 40. Nc2 Nxe5 41. b4 Ke7 42. Kd4 Nd7 43. f4 Kd6 44. Ne3
Kc6 45. g4 Kb5 46. Kc3 Nb6 47. Nc2 f6 48. Nd4+ Ka4 49. Nxe6 g6 50. h4 Kb5
51. g5 hxg5 52. hxg5 fxg5 53. fxg5 Nd7 54. Nf4 Ne5 55. Nxd5 Nf7 56. Nc7+
Kb6 57. Ne6 Kb5 58. Kb3 Ne5 59. Kc3 Nf3 60. Nd4+ Nxd4 61. Kxd4 Kxb4 62. Ke5
Kc5 63. Kf6 Kd6 64. Kxg6 Ke7 65. Kh7 Kf8 66. g6 Ke7 67. g7 Kf6 68. g8=Q Ke7
69. Qg6 Kd8 70. Qf7 Kc8 71. Kg6 { Black resigns } 1-0

[Event "ICC tourney 2434 (75 10)"]
[Site "Internet Chess Club"]
[Date "2021.03.06"]
[Round "2"]
[White "MITRA, AHANA:lovechess1225"]
[Black "Li, Jingtu Oscar:ZYCON"]
[Result "0-1"]
[ICCResult "White checkmated"]
[WhiteElo "1478"]
[BlackElo "1364"]
[Opening "Sicilian: dragon, 6.Be3"]
[ECO "B72"]
[NIC "SI.16"]
[Time "16:32:11"]
[PlyCount "66"]
[TimeControl "4500+10"]

1. e4 c5 2. Nf3 d6 3. d4 cxd4 4. Nxd4 Nf6 5. Nc3 g6 6. Be3 Bg7 7. Bd3 O-O
8. h3 Nc6 9. Nf3 Bd7 10. O-O Rc8 11. a3 a6 12. Re1 Na5 13. Qe2 Be6 14. Nd4
Bc4 15. Bxc4 Nxc4 16. Rab1 Nxa3 17. bxa3 Rxc3 18. Rxb7 Rxa3 19. Nc6 Qa8 20.
Nxe7+ Kh8 21. Ra7 Qxe4 22. Bg5 Qxe2 23. Rxe2 h6 24. Bf4 d5 25. Rd2 Ne4 26.
Rxd5 Ra1+ 27. Kh2 Nxf2 28. Rdd7 a5 29. Nxg6+ fxg6 30. Bxh6 Be5+ 31. g3 Ng4+
32. hxg4 Rf2+ 33. Kh3 Rh1# { White checkmated } 0-1

[Event "ICC tourney 2434 (75 10)"]
[Site "Internet Chess Club"]
[Date "2021.03.06"]
[Round "2"]
[White "WAHARTE, LOUKA:lwaharte"]
[Black "BORGE, RONALD:LOCHAR"]
[Result "0-1"]
[ICCResult "White checkmated"]
[WhiteElo "1466"]
[BlackElo "1554"]
[Opening "Pirc: Ufimtsev-Pytel variation"]
[ECO "B07"]
[NIC "PU.08"]
[Time "16:31:48"]
[PlyCount "112"]
[TimeControl "4500+10"]

1. e4 d6 2. d4 Nf6 3. Nc3 c6 4. Bg5 Nbd7 5. f4 Qa5 6. Bd3 e5 7. Bxf6 Nxf6
8. fxe5 dxe5 9. dxe5 Ng4 10. Nf3 Bb4 11. Qd2 O-O 12. h3 Nxe5 13. Nxe5 Qxe5
14. O-O Bc5+ 15. Kh1 Bd6 16. g4 h5 17. Qg2 hxg4 18. hxg4 Bxg4 19. Kg1 Bc5+
20. Kh1 Qh5+ 21. Qh2 Bf3+ 22. Rxf3 Qxf3+ 23. Qg2 Qxg2+ 24. Kxg2 Rad8 25.
Ne2 Rfe8 26. Rf1 Re5 27. Ng3 g6 28. Kf3 Kg7 29. Kg4 f6 30. Kf3 Rh8 31. Kg2
Rg5 32. Rf3 Bd6 33. Bf1 Rh4 34. Rd3 Rxg3+ 35. Rxg3 Bxg3 36. Kxg3 Rxe4 37.
Bd3 Rb4 38. b3 Rd4 39. Kf3 f5 40. Kg3 Kf6 41. Kf3 g5 42. Kg3 Ke5 43. Kf3
g4+ 44. Kg3 Rxd3+ 45. cxd3 Kd4 46. Kf4 Kxd3 47. Kxf5 g3 48. Ke6 g2 49. Kd7
g1=Q 50. Kc7 Qg7+ 51. Kb8 b5 52. a4 bxa4 53. bxa4 Kc4 54. a5 Kc5 55. a6 Kb6
56. Ka8 Qf8# { White checkmated } 0-1